Map: Graystone Ravine

Players

pta - Winner!

  • Race: Zerg Zerg
  • Spawn Location: 9:00

Kewl - Winner!

  • Race: Protoss Protoss
  • Spawn Location: 11:00

A.I. 2 (Harder)

  • Race: Zerg Zerg
  • Spawn Location: 3:00

A.I. 3 (Very Hard)

  • Race: Terran Terran
  • Spawn Location: 5:00

VOD

Have the link to the VOD?

Description

Time

  • Played on: May 1, 2019, 5:50 p.m.
  • Length: 20:46
Show
View Real Time Build Order
Export as new Build Order

pta Zerg - Winner!

Build Orders: Pool First, Roach Hydra 

Get SALT Encoding   

  12  0:04  Drone  
  13  0:32  Spawning Pool  
  13  0:33  Drone  
  13  0:35  Drone  
  14  0:38  Overlord  
  14  1:06  Extractor, Drone  
  14  1:07  Drone  
  14  1:08  Drone  
  16  1:27  Hatchery  
  16  1:28  Roach Warren  
  16  1:31  Drone  
  15  1:34  Drone  
  16  1:46  Queen  
  18  1:55  Drone  
  18  1:56  Drone  
  20  2:07  Drone  
  21  2:12  Drone  
  22  2:22  Overlord  
  22  2:32  Extractor  
  21  2:40  Drone  
  22  2:56  Lair  
  22  3:01  Roach  
  22  3:04  Roach  
  26  3:08  Drone  
  26  3:09  Drone  
  26  3:12  Drone  
  29  3:15  Drone x3  
  32  3:31  Roach x2  
  36  3:34  Overlord x3  
  36  3:53  Drone x3  
  39  3:56  Roach  
  39  3:58  Queen  
  39  4:02  Glial Reconstitution  
  43  4:10  Drone  
  43  4:11  Hydralisk Den, Drone  
  44  4:17  Drone  
  44  4:18  Extractor, Drone  
  44  4:24  Extractor, Drone  
  45  4:32  Roach x4  
  53  4:41  Drone  
  53  4:42  Evolution Chamber  
  53  4:57  Drone x2  
  55  5:02  Roach x2  
  55  5:03  Overlord  
  59  5:26  Zerg Ground Armor Level 1  
  59  5:29  Overlord  
  59  5:30  Roach x3  
  59  5:31  Roach  
  67  5:58  Roach x3  
  67  6:02  Overlord x3  
  73  6:11  Evolution Chamber  
  72  6:17  Drone  
  72  6:18  Drone  
  74  6:38  Zerg Missile Weapons Level 1  
  74  6:40  Overseer x2  
  74  6:46  Lurker Den  
  73  6:47  Drone x3  
  73  6:50  Infestation Pit  
  75  7:11  Hydralisk  
  75  7:12  Hydralisk x6  
  85  7:25  Hydralisk x3  
  91  7:32  Drone x3  
  94  7:41  Grooved Spines  
  94  7:54  Overseer  
  94  8:20  Overseer, Zerg Ground Armor Level 2  
  94  8:46  Pneumatized Carapace  
  94  8:49  Overseer  
  94  8:52  Muscular Augments  
  94  9:59  Hydralisk  
  94  10:00  Hydralisk x2  
  94  10:05  Overlord x3  
  94  10:06  Overlord x4  
  88  10:38  Hive  
  88  10:46  Spire  
  88  10:48  Spire  
  86  10:50  Lurker  
  86  10:51  Lurker x2  
  89  10:58  Hydralisk x3  
  89  10:59  Hydralisk x3  
  89  11:00  Hydralisk  
  103  11:04  Hydralisk  
  105  11:22  Burrow  
  105  11:52  Zerg Missile Weapons Level 2  
  105  12:40  Hatchery  
  105  12:42  Extractor  
  103  12:56  Corruptor  
  103  12:57  Corruptor x3  
  111  13:02  Greater Spire  
  111  13:31  Zerg Flyer Armor Level 1  
  111  13:36  Zerg Ground Armor Level 3  
  111  13:46  Extractor  
  91  14:33  Corruptor x3  
  91  14:37  Drone  
  98  14:41  Queen  
  100  14:50  Brood Lord x3  
  106  14:56  Brood Lord  
  108  15:00  Drone x2  
  108  15:06  Drone  
  111  15:13  Brood Lord  
  109  15:46  Zergling x18  
  108  15:59  Drone  
  79  16:28  Metabolic Boost  
  70  16:37  Hydralisk x5  
  70  16:38  Hydralisk x8  
  70  16:39  Hydralisk x4  
  104  16:49  Zerg Missile Weapons Level 3  
  104  17:46  Adrenal Glands  
  102  18:08  Corruptor x5  
  102  18:10  Hydralisk x3  
  102  18:11  Hydralisk x7  
  132  19:15  Brood Lord x5  
  142  20:01  Hydralisk x6  
Show
View Real Time Build Order
Export as new Build Order

Kewl Protoss - Winner!

Build Orders: Forge Fast Expand (FFE) 

Get SALT Encoding   

  1  0:00  Probe  
  13  0:07  Probe  
  14  0:18  Probe  
  15  0:28  Pylon  
  15  0:46  Probe  
  15  0:47  Pylon  
  16  0:50  Pylon  
  16  0:58  Probe  
  16  1:00  Forge  
  17  1:09  Gateway  
  17  1:20  Probe  
  18  1:39  Nexus  
  18  1:50  Assimilator  
  18  1:53  Assimilator  
  18  1:58  Photon Cannon  
  18  2:10  Zealot  
  18  2:14  Probe  
  21  2:23  Probe  
  21  2:27  Photon Cannon  
  22  2:33  Probe  
  24  2:37  Zealot  
  24  2:41  Probe  
  25  2:49  Photon Cannon  
  25  2:50  Probe x2  
  28  2:58  Probe  
  29  3:07  Zealot  
  29  3:08  Probe  
  29  3:12  Probe  
  33  3:19  Photon Cannon  
  33  3:20  Probe  
  34  3:33  Probe  
  35  3:34  Zealot  
  37  3:45  Probe, Cybernetics Core  
  38  3:50  Pylon  
  38  3:57  Probe  
  38  3:58  Protoss Shields Level 1  
  38  4:01  Zealot  
  41  4:07  Photon Cannon  
  41  4:08  Probe  
  42  4:14  Photon Cannon  
  42  4:16  Probe  
  43  4:24  Probe  
  44  4:34  Twilight Council  
  44  4:35  Probe  
  44  4:36  Zealot  
  47  4:43  Pylon  
  47  4:47  Probe  
  47  4:50  Stargate  
  48  4:53  Stargate  
  48  4:59  Probe  
  49  5:03  Zealot  
  49  5:05  Photon Cannon  
  51  5:11  Photon Cannon  
  51  5:12  Charge  
  51  5:14  Photon Cannon  
  51  5:30  Zealot  
  53  5:40  Fleet Beacon  
  53  5:47  Photon Cannon  
  53  5:49  Photon Cannon  
  53  5:50  Probe  
  54  5:57  Zealot  
  54  5:58  Probe  
  57  6:08  Probe  
  58  6:16  Assimilator  
  58  6:17  Assimilator  
  58  6:18  Protoss Shields Level 2  
  58  6:20  Probe  
  59  6:26  Photon Cannon  
  59  6:28  Photon Cannon  
  59  6:40  Photon Cannon  
  59  6:43  Zealot  
  61  6:51  Stargate  
  61  6:56  Stargate  
  61  6:58  Probe  
  61  7:06  Probe  
  62  7:10  Zealot  
  63  7:16  Probe  
  64  7:37  Zealot  
  64  7:39  Forge  
  66  7:53  Pylon  
  66  7:55  Pylon  
  66  7:57  Pylon  
  66  8:02  Pylon  
  66  8:04  Pylon x2, Zealot  
  68  8:05  Pylon  
  68  8:09  Pylon x2  
  68  8:11  Pylon, Tempest x2  
  78  8:14  Tempest  
  78  8:15  Pylon  
  78  8:17  Tempest  
  88  8:31  Zealot  
  90  8:44  Pylon  
  90  8:46  Pylon  
  90  8:51  Nexus  
  90  8:59  Zealot  
  92  9:07  Protoss Shields Level 3  
  92  9:18  Photon Cannon  
  92  9:21  Protoss Air Weapons Level 1, Photon Cannon  
  92  9:23  Photon Cannon  
  92  9:26  Zealot  
  92  9:28  Photon Cannon  
  94  9:32  Photon Cannon  
  94  9:40  Photon Cannon  
  94  9:43  Photon Cannon  
  94  9:51  Assimilator  
  94  9:53  Zealot  
  94  9:55  Tempest  
  101  10:00  Probe  
  102  10:08  Probe  
  103  10:18  Probe  
  92  10:30  Probe  
  92  10:32  Zealot  
  92  10:34  Tempest  
  100  10:42  Probe  
  102  10:57  Probe  
  102  10:59  Zealot  
  104  11:04  Assimilator  
  104  11:09  Probe  
  105  11:12  Tempest  
  105  11:13  Tempest  
  115  11:18  Pylon  
  115  11:20  Protoss Air Armor Level 1  
  115  11:21  Probe, Pylon, Protoss Ground Weapons Level 1  
  116  11:26  Zealot  
  116  11:30  Probe  
  118  11:38  Probe, Tempest  
  118  11:39  Tempest  
  130  11:47  Probe  
  130  11:53  Zealot  
  133  12:11  Tempest  
  133  12:12  Tempest  
  133  12:15  Probe  
  143  12:20  Zealot  
  143  12:22  Protoss Ground Armor Level 1  
  146  12:23  Probe  
  147  12:37  Probe  
  147  12:41  Tempest  
  147  12:42  Tempest  
  158  12:45  Nexus  
  158  12:47  Zealot  
  160  12:59  Pylon  
  160  13:01  Pylon  
  160  13:05  Assimilator  
  160  13:07  Assimilator  
  160  13:11  Tempest  
  160  13:12  Tempest  
  170  13:15  Zealot  
  172  13:26  Photon Cannon  
  172  13:27  Photon Cannon  
  172  13:30  Photon Cannon  
  172  13:31  Protoss Air Weapons Level 2  
  172  13:34  Photon Cannon  
  172  13:35  Photon Cannon  
  172  13:37  Photon Cannon  
  172  13:40  Photon Cannon  
  172  13:42  Zealot  
  172  13:43  Photon Cannon  
  179  14:07  Probe  
  179  14:09  Tempest, Zealot  
  181  14:15  Probe, Tempest  
  181  14:17  Tempest  
  193  14:25  Probe  
  194  14:32  Tempest  
  194  14:33  Protoss Ground Weapons Level 2  
  194  14:37  Probe  
  194  14:38  Protoss Ground Armor Level 2  
  168  15:55  Tempest x3, Protoss Air Armor Level 2  
  168  15:56  Tempest  
  183  15:58  Zealot  
  165  16:25  Zealot  
  151  16:43  Tempest x2  
  151  16:44  Tempest x2  
  171  16:52  Zealot  
  171  17:19  Zealot  
  173  17:23  Protoss Ground Weapons Level 3  
  173  17:24  Protoss Ground Armor Level 3  
  173  17:26  Tempest x2  
  173  17:27  Tempest  
  186  17:46  Zealot  
  188  17:51  Tempest  
  193  18:09  Tempest  
  198  18:14  Zealot  
  198  19:33  Probe  
  199  19:41  Probe  
Show
View Real Time Build Order
Export as new Build Order

A.I. 2 (Harder) Zerg 

Build Orders: 1 Base Baneling Bust, Pool First, Lurkers, Muta Ling Bane 

Get SALT Encoding   

  12  0:01  Drone  
  13  0:12  Overlord  
  13  0:17  Drone  
  14  0:30  Drone x2  
  16  0:42  Spawning Pool  
  16  0:44  Drone  
  16  0:48  Drone  
  17  0:51  Extractor  
  17  0:55  Drone  
  17  1:06  Overlord  
  17  1:31  Zergling x2, Queen  
  20  1:35  Roach Warren  
  20  1:38  Drone x2  
  20  1:39  Extractor  
  20  1:49  Zergling x2  
  21  1:59  Drone  
  22  2:10  Overlord  
  22  2:21  Drone  
  23  2:32  Roach  
  25  2:37  Overlord  
  25  2:38  Drone  
  28  2:44  Roach  
  28  2:56  Roach  
  30  3:03  Overlord  
  30  3:08  Roach  
  30  3:11  Drone  
  33  3:14  Drone  
  33  3:18  Drone  
  35  3:20  Roach  
  37  3:30  Baneling Nest, Drone  
  37  3:32  Ravager x2  
  37  3:33  Ravager x2  
  41  3:41  Roach  
  41  3:46  Overlord  
  43  3:53  Roach  
  45  3:58  Drone  
  46  4:04  Drone  
  47  4:12  Evolution Chamber  
  47  4:13  Roach, Drone x2  
  50  4:19  Overlord  
  50  4:26  Roach  
  52  4:38  Roach  
  54  4:50  Roach  
  56  6:27  Baneling, Overlord  
  56  6:28  Burrow, Zerg Melee Weapons Level 1  
  56  6:31  Spore Crawler  
  55  6:33  Spore Crawler  
  55  6:34  Zergling x2  
  55  6:36  Hatchery  
  55  6:37  Drone  
  55  6:40  Zergling x2  
  56  6:47  Zergling x2  
  57  7:00  Zergling x2, Baneling x2  
  58  7:07  Zergling x2  
  58  7:08  Spine Crawler  
  43  7:13  Zergling x2, Baneling  
  31  7:35  Spine Crawler  
  30  7:39  Lair  
  30  7:45  Metabolic Boost  
  30  7:48  Queen, Drone x2  
  30  7:49  Drone x3  
  30  7:50  Drone x5  
  30  7:51  Drone  
  43  7:55  Drone x3  
  46  7:59  Extractor, Drone  
  46  8:02  Drone  
  47  8:09  Drone  
  49  8:12  Drone  
  49  8:20  Drone  
  49  8:22  Zerg Missile Weapons Level 1  
  49  8:23  Drone  
  52  8:27  Drone x2  
  53  8:35  Extractor, Drone  
  53  8:38  Centrifical Hooks  
  53  8:42  Spire, Drone  
  53  8:54  Spore Crawler  
  52  8:55  Drone  
  52  8:56  Spore Crawler  
  52  8:57  Drone x3  
  52  8:58  Drone  
  56  9:10  Queen  
  58  9:21  Spine Crawler  
  57  9:24  Spine Crawler, Drone  
  57  9:27  Overlord  
  57  9:30  Infestation Pit  
  56  9:32  Drone  
  57  9:47  Evolution Chamber  
  57  9:48  Drone  
  57  9:53  Mutalisk  
  57  9:57  Overseer  
  57  9:59  Overseer, Mutalisk  
  59  10:06  Mutalisk  
  63  10:09  Hive  
  63  10:12  Hydralisk Den, Mutalisk  
  64  10:16  Zerg Ground Armor Level 1  
  64  10:19  Mutalisk  
  66  10:25  Mutalisk  
  68  10:32  Mutalisk  
  70  10:38  Mutalisk  
  74  10:50  Roach  
  74  10:52  Pneumatized Carapace, Overlord  
  74  10:54  Hydralisk  
  76  11:00  Roach  
  76  11:02  Lurker Den  
  77  11:04  Hydralisk  
  77  11:09  Overseer, Hydralisk  
  81  11:15  Roach  
  83  11:20  Roach  
  83  11:22  Overlord  
  83  11:25  Hydralisk  
  85  11:28  Hatchery  
  85  11:30  Hydralisk  
  88  11:35  Hydralisk  
  90  11:41  Overlord, Ravager  
  90  11:42  Roach  
  90  11:47  Roach, Ravager  
  96  11:53  Infestor  
  98  12:26  Zerg Melee Weapons Level 2  
  98  12:30  Hydralisk, Overlord, Lurker  
  98  12:35  Hydralisk, Lurker x2  
  105  12:40  Hydralisk  
  107  12:45  Hydralisk  
  107  12:46  Lurker  
  107  12:48  Overlord  
  110  12:54  Hatchery  
  109  13:00  Overseer  
  109  13:08  Zerg Ground Armor Level 2  
  109  13:37  Pathogen Glands  
  109  13:45  Glial Reconstitution  
  109  13:56  Zerg Flyer Weapons Level 1  
  109  14:08  Overseer, Overlord  
  109  14:11  Overseer  
  109  14:26  Hatchery  
  109  14:28  Roach, Overlord  
  109  14:31  Roach  
  112  14:33  Roach  
  114  14:41  Zerg Missile Weapons Level 2  
  114  14:46  Roach, Overlord  
  114  14:48  Swarm Host  
  114  14:51  Roach  
  121  14:53  Roach  
  123  15:04  Roach, Overlord  
  127  15:07  Roach  
  127  15:09  Roach  
  127  15:11  Roach  
  131  15:22  Overlord  
  131  15:23  Roach  
  131  15:25  Roach  
  131  15:26  Hydralisk  
  132  15:29  Hydralisk  
  132  15:31  Hydralisk  
  132  15:33  Infestor  
  130  15:35  Hydralisk  
  130  15:38  Hydralisk  
  128  15:44  Infestor  
  128  15:46  Hydralisk  
  128  15:48  Hatchery  
  125  15:51  Roach x2  
  125  15:54  Swarm Host  
  127  16:00  Roach  
  127  16:03  Roach x2  
  124  16:06  Zergling x2  
  124  16:08  Roach  
  124  16:11  Roach  
  96  16:13  Roach  
  96  16:15  Roach  
  86  16:19  Roach  
  82  16:28  Hydralisk  
  82  16:31  Zergling x2  
  75  16:37  Hydralisk  
  73  16:46  Overseer  
  68  16:53  Zergling x4  
  68  16:54  Zergling x6  
  67  16:56  Hydralisk  
  67  16:58  Overlord  
  70  17:01  Roach  
  69  17:10  Overseer, Overlord  
  64  17:16  Zergling x2  
  64  17:17  Zergling x6  
  64  17:20  Roach  
  64  17:22  Zergling x2  
  57  17:24  Roach  
  57  17:25  Roach  
  57  17:27  Overlord  
  57  17:28  Roach  
  57  17:29  Zergling x2  
  50  17:36  Zergling x2  
  43  17:37  Zergling x2  
  35  17:45  Queen  
  14  18:03  Drone  
Show
View Real Time Build Order
Export as new Build Order

A.I. 3 (Very Hard) Terran 

Build Orders: 1/1/1, Banshee Rush 

Get SALT Encoding   

  12  0:01  SCV  
  13  0:13  SCV  
  14  0:18  Supply Depot  
  14  0:25  SCV  
  15  0:29  Refinery  
  15  0:40  SCV  
  16  0:48  Barracks  
  16  0:52  SCV  
  17  0:57  Refinery  
  17  1:04  SCV  
  18  1:16  SCV  
  19  1:34  Orbital Command  
  19  1:36  Factory  
  19  1:39  Marine  
  20  1:57  Marine  
  20  2:00  Supply Depot, SCV  
  22  2:23  Starport  
  22  2:26  SCV, Starport  
  23  2:38  SCV  
  23  2:42  Supply Depot  
  24  2:51  SCV  
  24  3:00  Starport Tech Lab  
  24  3:02  Starport Tech Lab  
  24  3:03  SCV  
  25  3:19  Banshee, Cloaking Field  
  25  3:21  SCV, Banshee  
  25  3:23  Marine  
  33  3:30  Supply Depot  
  33  3:33  SCV  
  33  3:41  Marine  
  33  3:45  SCV  
  35  3:57  SCV  
  35  3:59  Marine  
  35  4:02  Banshee  
  37  4:05  Factory Tech Lab, Barracks  
  37  4:09  SCV  
  41  4:16  Marine  
  42  4:23  Siege Tank  
  45  4:34  Marine  
  45  4:37  Command Center  
  46  4:50  Supply Depot  
  46  4:52  Marine  
  47  5:10  Barracks Tech Lab  
  47  5:11  Marine  
  48  5:17  Barracks  
  48  5:20  Supply Depot  
  48  5:26  Siege Tank  
  51  5:29  Marine  
  51  5:30  Barracks Reactor  
  51  5:32  Stimpack  
  52  5:46  Supply Depot  
  52  5:47  Marauder  
  52  5:49  SCV  
  55  5:52  SCV  
  56  6:01  SCV  
  56  6:04  SCV, Marine  
  59  6:06  Marine  
  59  6:09  Marauder  
  62  6:13  SCV  
  62  6:16  SCV  
  64  6:22  Barracks Tech Lab, Marine  
  64  6:24  Marine  
  66  6:26  SCV  
  66  6:28  SCV  
  66  6:30  Marauder  
  70  6:36  Siege Tank  
  70  6:38  SCV  
  70  6:39  Supply Depot  
  74  6:40  Marauder, SCV  
  77  6:50  SCV  
  77  6:51  Marauder  
  77  6:52  SCV  
  81  7:02  Marauder, SCV  
  81  7:04  Supply Depot, SCV  
  85  7:08  Siege Tank  
  85  7:13  Marauder  
  85  7:14  SCV  
  91  7:18  SCV  
  92  7:23  Marauder  
  92  7:26  SCV, Refinery  
  92  7:28  Supply Depot  
  95  7:34  Marauder  
  97  7:40  Refinery  
  97  7:44  Marauder  
  97  7:50  SCV x2  
  101  7:51  Supply Depot  
  101  7:55  Marauder  
  103  8:02  SCV  
  103  8:03  SCV  
  105  8:06  Marauder  
  105  8:11  Combat Shield  
  107  8:14  SCV, Fusion Core  
  107  8:17  Marauder  
  110  8:23  Supply Depot  
  110  8:26  Concussive Shells  
  110  8:27  Marauder  
  112  8:38  Marauder  
  114  8:42  Engineering Bay  
  114  8:47  Supply Depot  
  114  8:49  Marauder  
  116  9:00  Marauder  
  118  9:04  Battlecruiser, Engineering Bay  
  118  9:09  Terran Infantry Armor Level 1  
  124  9:10  Marauder  
  124  9:13  Supply Depot  
  126  9:21  Marauder  
  127  9:26  Battlecruiser  
  127  9:29  Terran Infantry Weapons Level 1  
  133  9:35  Marauder  
  133  9:37  Supply Depot  
  132  10:02  Supply Depot  
  132  10:08  Battlecruiser  
  138  10:16  Marauder  
  138  10:17  Marauder, Marine x2  
  76  10:30  Viking  
  76  10:35  Marine x2  
  79  10:36  Siege Tank  
  79  10:38  Marauder x2  
  87  10:53  Marine x2  
  89  10:59  Marine x2  
  89  11:00  Viking  
  93  11:06  Command Center  
  93  11:08  Siege Tank  
  93  11:11  Marine x2  
  97  11:12  Viking  
  97  11:17  Marauder, Marine  
  103  11:28  Marine  
  103  11:30  Viking  
  106  11:35  Marauder  
  106  11:38  Marauder  
  110  11:40  Siege Tank  
  110  11:42  Viking  
  115  11:57  Marauder  
  115  12:00  Viking, Marauder  
  121  12:12  Viking, Siege Tank  
  126  12:18  Marauder  
  126  12:20  SCV  
  126  12:21  Marauder, SCV x2  
  133  12:30  Viking  
  133  12:32  SCV  
  133  12:34  SCV  
  133  12:35  SCV  
  138  12:40  Marauder  
  138  12:42  Viking, Marauder  
  144  12:44  SCV, Siege Tank  
  144  12:46  SCV  
  144  12:47  SCV, Refinery  
  144  12:50  Supply Depot  
  144  12:51  Refinery  
  150  12:56  SCV  
  151  13:00  Viking  
  151  13:01  Marauder  
  151  13:04  Marauder  
  157  13:09  SCV  
  157  13:10  SCV  
  157  13:12  Viking  
  161  13:14  Supply Depot, SCV  
  162  13:22  Marauder  
  162  13:25  Marauder  
  166  13:30  Raven  
  168  13:38  Supply Depot  
  167  13:42  Viking  
  167  13:44  Marauder  
  168  14:07  Supply Depot, Marine x2  
  168  14:11  Siege Tank  
  168  14:12  Viking  
  168  14:13  Medivac  
  170  14:18  SCV  
  170  14:19  SCV  
  172  14:42  Medivac  
  172  14:43  Viking, Siege Tank  
  179  14:52  SCV  
  178  14:59  SCV  
  170  15:04  SCV  
  159  15:10  Supply Depot  
  159  15:11  SCV  
  159  15:12  Medivac  
  159  15:13  Viking  
  155  15:16  SCV  
  146  15:23  SCV  
  146  15:28  SCV, Marine  
  140  15:32  Marine  
  140  15:35  SCV  
  125  15:40  SCV  
  125  15:41  Marauder, Marine  
  125  15:42  Viking  
  106  15:43  Viking  
  106  15:47  SCV  
  109  15:53  SCV  
  94  15:59  Marauder  
  94  16:03  Marauder  
  90  16:11  Command Center  
  90  16:12  Medivac  
  90  16:14  Raven  
  90  16:22  Marauder  
  90  16:23  Marine  
  79  16:29  Marine  
  79  16:32  Marine  
  70  16:39  SCV  
  54  16:41  Marine  
  54  16:42  SCV  
  54  16:46  Marine  
  47  16:49  Marine  
  48  16:54  Marine  
  48  16:59  Marine  
  50  17:06  Marauder  
  52  17:09  Marine  
  52  17:13  Marine  
  54  17:25  Marine  
  54  17:28  Marauder  
  54  17:34  SCV  
  32  17:46  SCV  
  2  18:30  SCV  
  2  19:03  SCV  
  3  19:26  SCV  
  4  19:43  SCV  
  5  19:56  SCV  
Tags
 
Add a new tag
Caveats
  • Supply blocks, unpowered buildings, or Contaminate may cause inaccurate times.
  • Supply counts are checked every 10 seconds.